 Dungeon Sprint DCSS version 0.27.1 (webtiles) character file.

Game seed: 12707392275961207897

3647 styxcanada the Imperceptible (level 9, -16/53 HPs)
             Began as a Spriggan Brigand on Aug 27, 2021.
             Was an Initiate of Gozag.
             Demolished by a komodo dragon (28 damage)
             ... in the Dungeon (Sprint III: "The Ten Rune Challenge").
             The game lasted 00:17:46 (2421 turns).

styxcanada the Imperceptible (Spriggan Brigand)     Turns: 2421, Time: 00:17:46

Health: -16/53     AC:  3    Str:  7    XL:     9   Next: 88%
Magic:  10/10      EV: 25    Int: 13    God:    Gozag
Gold:   1664       SH:  0    Dex: 19    Spells: 8/8 levels left

rFire    . . .     SeeInvis +   a - +2 dagger
rCold    . . .     Faith    .   (shield restricted)
rNeg     . . .     Spirit   .   b - +0 robe
rPois    .         Reflect  .   (helmet restricted)
rElec    .         Harm     .   c - +0 cloak
rCorr    .         Rampage  .   (gloves unavailable)
Will     ++...     NoTele   +   (boots unavailable)
Stlth    +++++++++.             (no amulet)
HPRegen  0.17/turn              (no ring)
MPRegen  0.12/turn              (no ring)

@: mighty, on berserk cooldown, very quick
A: very small, no large weapons, unfitting armour, see invisible, speed 3,
strong-willed 1, robust 1
a: Renounce Religion, Potion Petition, Call Merchant, Bribe Branch


You were in the Dungeon.
You worshipped Gozag.
Gozag was most pleased with you.
You visited 1 branch You collected 1664 gold pieces.

Inventory:

Hand Weapons
 a - a +2 dagger (weapon)
Armour
 b - a +0 robe (worn)
 c - a +0 cloak (worn)
Wands
 s - a wand of iceblast (1)
Scrolls
 k - a scroll of blinking
 m - a scroll of holy word
 n - a scroll of identify
Potions
 g - 2 potions of heal wounds
 h - a potion of haste
 i - 2 potions of magic
 l - a potion of ambrosia
 p - 3 potions of mutation
 q - 2 potions of flight
 t - a potion of experience


   Skills:
 * Level 6.5 Fighting
 + Level 7.0 Short Blades
 + Level 6.4 Throwing
 * Level 10.8 Dodging
 * Level 24.1 Stealth
 * Level 5.9 Evocations


You had 8 spell levels left.
You didn't know any spells.
Your spell library contained the following spells:

 Spells                   Type           Power      Damage    Failure   Level
 Corpse Rot               Necr/Air       N/A        N/A       43%         2
 Dispel Undead            Necr           0%         3d6       97%         4
 Death Channel            Necr           0%         N/A       100%        6


Dungeon Overview and Level Annotations

Branches:
Dungeon (1/1)

Altars:
Cheibriados
Dithmenos
Elyvilon
Fedhas
Gozag
Hepliaklqana
Kikubaaqudgha
Makhleb
Nemelex Xobeh
Okawaru
Qazlal
Ru
Sif Muna
Trog
Uskayaw
Vehumet
Wu Jian
Xom
Yredelemnul
Zin
The Shining One
Beogh
Jiyva
Lugonu


Innate Abilities, Weirdness & Mutations

You are very small and have problems with some larger weapons.
You are too small for most types of armour.
You have supernaturally acute eyesight. (SInv)
You cover ground extremely quickly. (Speed+++)
You are strong-willed. (Will+)
You are robust. (+10% HP)


Message History

The komodo dragon is heavily wounded.
The komodo dragon completely misses you.
You hit the komodo dragon.
The komodo dragon is heavily wounded.
The komodo dragon misses you.
You hit the komodo dragon but do no damage.
The komodo dragon is heavily wounded.
The komodo dragon closely misses you.
d - a poisoned dart
There is an open door here.
You start resting.
You feel yourself speed up.
Throw: dart (poison)
Press: ? - help, Q - select action, (/) - cycle Shift-Dir - straight line, f/p - komodo dragon
Aim: a komodo dragon (lightly wounded, wandering, hasn't noticed you, 73% to hit)
You throw a poisoned dart.
The poisoned dart hits the komodo dragon!
The komodo dragon is poisoned.
The komodo dragon hisses angrily.
The komodo dragon is lightly wounded.
Aiming: Iceblast
Press: ? - help, Shift-Dir - straight line, f/p - komodo dragon
Aim: a komodo dragon (lightly wounded, very poisoned)
The mass of ice explodes!
The iceblast engulfs the komodo dragon!
The komodo dragon is heavily wounded.
You feel very mighty all of a sudden. The komodo dragon bites you!!
Ouch! That really hurt!
* * * LOW HITPOINT WARNING * * *
You hit the komodo dragon.
The komodo dragon is heavily wounded.
The komodo dragon misses you.
You hit the komodo dragon.
The komodo dragon is severely wounded.
You completely miss the komodo dragon.
The komodo dragon is severely wounded.
The komodo dragon bites you!!
Ouch! That really hurt!
You die...
Your body crumbles into a pile of gold.

...###'#'###'##$$
...#..........#$ $$
...'.⌠........# $ $ $$
...#...######'#$
...#.⌠.#__#...#+#################
...#...#__#...#....#)#)#)....#!..
...#'###__#...##.#.(#.##.###.#...
...#.))#__#...'##l#.#.##.#).##..^
...#___#__'...#.@.#..#.l##.l'(.(.
▓▓▓▓▓▓▓▓▓▓▓▓▓▓▓▓▓▓▓▓▓▓▓▓▓▓▓▓#...^
♣≈≈≈....(...≈≈(...#^..^
♣'♣≈≈≈≈≈≈≈≈≈≈≈≈♣♣..'.^^.
.≈♣♣♣♣♣♣♣♣♣♣♣♣♣♣♣♣..#.^^. #..
♣♣♣##+## ## $$ $$


You could see a komodo dragon (very poisoned).

Vanquished Creatures
  Erolcha (D)
  A deep elf pyromancer (D)
  2 cane toads (D)
  A shadow (D)
  2 redbacks (D)
  A spatial vortex (D)
  A necrophage (D)
  5 two-headed ogres (D)
  A water elemental (D)
  A wandering mushroom (D)
  A jelly (D)
  A wizard (D)
  Jessica (D)
  A necromancer (D)
  3 humans (D)
  A kobold demonologist (D)
  A phantom (D)
  An endoplasm (D)
  A rat (D)
27 creatures vanquished.

Vanquished Creatures (others)
  2 wandering mushrooms (D)
  3 plants (D)
5 creatures vanquished.

Grand Total: 32 creatures vanquished

Notes
Turn   | Place    | Note
-------+----------+-------------------------------------------
     0 | D        | styxcanada the Spriggan Brigand began the quest for the
                  | Orb.
     0 | D        | Reached XP level 1. HP: 10/10 MP: 2/2
     5 | D        | Reached skill level 6 in Stealth
    12 | D        | Noticed Jessica
    22 | D        | Killed Jessica
    23 | D        | Reached skill level 9 in Stealth
    23 | D        | Reached XP level 2. HP: 15/15 MP: 3/3
    52 | D        | Reached skill level 10 in Stealth
    52 | D        | Reached XP level 3. HP: 19/19 MP: 4/4
   111 | D        | Noticed a water elemental
   114 | D        | Killed a water elemental
   115 | D        | Reached skill level 12 in Stealth
   115 | D        | Reached XP level 4. HP: 24/24 MP: 5/5
   125 | D        | Noticed a shadow
   127 | D        | Killed a shadow
   128 | D        | Reached skill level 5 in Dodging
   128 | D        | Reached skill level 15 in Stealth
   128 | D        | Reached XP level 5. HP: 29/29 MP: 6/6
   128 | D        | Reached XP level 6. HP: 33/33 MP: 7/7
   132 | D        | Reached skill level 16 in Stealth
   134 | D        | Found a blossoming altar of Fedhas.
   134 | D        | Found a stormy altar of Qazlal.
   134 | D        | Found a snail-covered altar of Cheibriados.
   134 | D        | Found a burning altar of Makhleb.
   134 | D        | Found a shimmering altar of Xom.
   135 | D        | Found a hazy altar of Hepliaklqana.
   135 | D        | Found an opulent altar of Gozag.
   135 | D        | Found a sparkling altar of Nemelex Xobeh.
   135 | D        | Found a corrupted altar of Lugonu.
   135 | D        | Found a viscous altar of Jiyva.
   135 | D        | Noticed a spatial vortex
   138 | D        | Killed a spatial vortex
   139 | D        | Reached skill level 17 in Stealth
   140 | D        | Became a worshipper of Gozag Ym Sagoz the Greedy
   159 | D        | Found a radiant altar of Vehumet.
   159 | D        | Found a shimmering blue altar of Sif Muna.
   159 | D        | Found an ancient bone altar of Kikubaaqudgha.
   174 | D        | Found a glowing silver altar of Zin.
   174 | D        | Found a glowing golden altar of the Shining One.
   174 | D        | Found a white marble altar of Elyvilon.
   175 | D        | Noticed a deep elf pyromancer
   180 | D        | Noticed a fire elemental
   340 | D        | Noticed a fire elemental
   340 | D        | Noticed a fire elemental
   351 | D        | Killed a deep elf pyromancer
   352 | D        | Reached skill level 19 in Stealth
   352 | D        | Reached XP level 7. HP: 38/38 MP: 8/8
   373 | D        | Noticed a human
   382 | D        | Found a hide-covered altar of Uskayaw.
   382 | D        | Found an iron altar of Okawaru.
   382 | D        | Found a bloodstained altar of Trog.
   382 | D        | Found an ornate altar of the Wu Jian Council.
   382 | D        | Noticed a human
   385 | D        | Killed a human
   386 | D        | Reached skill level 5 in Fighting
   386 | D        | Reached skill level 5 in Short Blades
   386 | D        | Reached skill level 20 in Stealth
   386 | D        | Reached XP level 8. HP: 43/43 MP: 9/9
   505 | D        | Found a basalt altar of Yredelemnul.
   505 | D        | Found a shadowy altar of Dithmenos.
   505 | D        | Found a sacrificial altar of Ru.
   508 | D        | Reached skill level 5 in Throwing
   509 | D        | Reached skill level 21 in Stealth
   529 | D        | Reached skill level 1 in Evocations
   545 | D        | Noticed a two-headed ogre
   548 | D        | Killed a two-headed ogre
   549 | D        | Reached skill level 22 in Stealth
   554 | D        | Noticed a two-headed ogre
   554 | D        | Noticed Erolcha
   556 | D        | Killed Erolcha
   557 | D        | Reached skill level 23 in Stealth
   557 | D        | Reached XP level 9. HP: 48/48 MP: 10/10
   557 | D        | Killed a two-headed ogre
   558 | D        | Reached skill level 10 in Dodging
   569 | D        | Reached skill level 5 in Evocations
   800 | D        | Noticed a wandering mushroom
   804 | D        | Noticed a wandering mushroom
   806 | D        | Noticed a wandering mushroom
  1037 | D        | Gained mutation: You are clumsy. (Dex -2) [potion of
                  | mutation]
  1037 | D        | Gained mutation: Your flesh is cold resistant. (rC+)
                  | [potion of mutation]
  1038 | D        | Lost mutation: Your flesh is cold resistant. (rC+) [potion
                  | of mutation]
  1038 | D        | Gained mutation: Potions are less effective at restoring
                  | your health. [potion of mutation]
  1038 | D        | Gained mutation: You are robust. (+10% HP) [potion of
                  | mutation]
  1068 | D        | Lost mutation: Potions are less effective at restoring your
                  | health. [potion of mutation]
  1068 | D        | Lost mutation: You are robust. (+10% HP) [potion of
                  | mutation]
  1068 | D        | Lost mutation: You are clumsy. (Dex -2) [potion of
                  | mutation]
  1068 | D        | Gained mutation: You are robust. (+10% HP) [potion of
                  | mutation]
  1068 | D        | Gained mutation: You are strong-willed. (Will+) [potion of
                  | mutation]
  1107 | D        | Reached skill level 24 in Stealth
  2136 | D        | Noticed a cane toad
  2136 | D        | Noticed a komodo dragon
  2136 | D        | Noticed a cane toad
  2283 | D        | Killed a cane toad
  2375 | D        | Killed a cane toad
  2421 | D        | Demolished by a komodo dragon

Illustrated notes

Levels and vault maps discovered:
D:        dungeon_sprint_mu [sprint_mu_entry_forest, sprint_mu_temple_rooms,
          sprint_mu_d1_spiders, sprint_mu_d2_genie, sprint_mu_d3_branching,
          sprint_mu_orc_legion, sprint_mu_elf_gauntlet, sprint_mu_hive_nellie,
          sprint_mu_lair_fedhas, sprint_mu_vaults_butterflies,
          sprint_mu_slime_circle, sprint_mu_swamp_cave, sprint_mu_shoals_archi,
          sprint_mu_blade_basic, sprint_mu_crypt_lich, sprint_mu_tomb_spiral,
          sprint_mu_vestibule_basic, sprint_mu_gehenna_hellfire,
          sprint_mu_dis_giant, sprint_mu_tartarus_statrot,
          sprint_mu_cocytus_islands, sprint_mu_zot1]

Skill      XL: |  1  2  3  4  5  6  7  8  9 |
---------------+----------------------------+-----
Stealth        | 9 10 12 15 19 20 23 24 | 24.1
Fighting       | 2 3 4 5 6 |  6.5
Dodging        | 2 3 4 5 7 8 9 10 | 10.8
Short Blades   | 3 4 5 6 7 |  7.0
Throwing       | 3 4 5 6 |  6.4
Evocations     | 4 5 |  5.9

Action                   |  1- 3 |  4- 6 |  7- 9 || total
-------------------------+-------+-------+-------++-------
Melee: Dagger            |    11 |     6 |   148 ||   165
Throw: Dart              |     3 |     9 |    33 ||    45
Evoke: Wand              |       |       |     7 ||     7
  Use: Potion            |       |       |     8 ||     8
       Scroll            |       |       |     4 ||     4
 Stab: Sleeping          |     4 |     5 |    11 ||    20
Armor: Robe              |     1 |       |     2 ||     3
Dodge: Dodged            |     5 |     3 |    85 ||    93
